 Dungeon Crawl Stone Soup version 0.24.0-123-gd5b16e6ec5 (webtiles) character file.

Game seed: 7586540285236088618, levelgen mode: deterministic

241882 DavidChitty2 the Warrior (level 18, -1/169 HPs)
             Began as a White Draconian Conjurer on Jan 22, 2020.
             Was a High Priest of Vehumet.
             Engulfed by a cloud of freezing vapour (7 damage)
             ... on level 1 of the Vaults on Jan 23, 2020.
             The game lasted 02:41:57 (63532 turns).

DavidChitty2 the Warrior (DrCj)                    Turns: 63532, Time: 02:41:57

Health: -1/169     AC: 20    Str: 12    XL:     18   Next: 66%
Magic:  3/46       EV: 12    Int: 22    God:    Vehumet [*****.]
Gold:   1447       SH: 13    Dex: 13    Spells: 7/48 levels left

rFire    . . .     SeeInvis +   a - staff of conjuration {!a}
rCold    + . .     Gourm    .   J - +0 shield
rNeg     . . .     Faith    .   (armour unavailable)
rPois    +         Spirit   .   N - +1 hat
rElec    .         Reflect  .   A - +0 cloak {+Inv}
rCorr    .         Harm     .   L - +1 pair of gloves
MR       +....                  y - +0 pair of boots
Stlth    +.........             I - amulet of Compassion {rPois rC- Regen+ MP+9 Int-2}
HPRegen  0.78/turn              G - ring of the Duke {AC+5 Int+3 SInv Stlth-}
MPRegen  0.30/turn              o - ring of protection from cold

@: no status effects
A: breathe frost, unfitting armour, cold resistance 1, cold-blooded, AC +10
}: 2/15 runes: decaying, serpentine
a: Breathe Frost, Renounce Religion, Evoke Invisibility


You were on level 1 of the Vaults.
You worshipped Vehumet.
Vehumet was extremely pleased with you.
You were not hungry.

You visited 7 branches of the dungeon, and saw 33 of its levels.
You also visited: Trove, Sewer and Gauntlet.

You collected 3733 gold pieces.
You spent 2286 gold pieces at shops.

Inventory:

Hand Weapons
 b - a +3 rapier of draining
   (You took it off Duvessa on level 6 of the Dungeon)
 w - a +0 hunting sling of flaming
   (You took it off a gnoll on level 9 of the Dungeon)
Missiles
 r - 5 throwing nets (quivered) {!f}
 B - 128 sling bullets
Armour
 y - a +0 pair of boots (worn)
   (You found it on level 12 of the Dungeon)
 A - a +0 cloak of invisibility (worn)
   (You acquired it on level 4 of the Snake Pit)
 J - a +0 shield (worn)
   (You found it on level 9 of the Dungeon)
 L - a +1 pair of gloves (worn)
   (You found it on level 9 of the Dungeon)
 N - a +1 hat (worn)
   (You found it in a Gauntlet)
Magical Staves
 a - an uncursed staff of conjuration (weapon) {!a}
   (You found it in a Gauntlet)
Jewellery
 g - the ring of the Leaf {Fire Str+4 Int+7}
   (You found it on level 4 of the Snake Pit)

   [ring of fire]

   It enhances your fire magic.
   It affects your strength (+4).
   It affects your intelligence (+7).
   It protects you from fire.
   It makes you vulnerable to cold.
 i - an uncursed ring of protection from fire
   (You bought it in a shop on level 1 of the Snake Pit)
 o - a ring of protection from cold (right hand)
   (You found it on level 1 of the Lair of Beasts)
 s - an uncursed ring of wizardry
   (You found it on level 10 of the Dungeon)
 G - the ring of the Duke (left hand) {AC+5 Int+3 SInv Stlth-}
   (You found it in a Gauntlet)

   [ring of protection]

   It affects your AC (+5).
   It affects your intelligence (+3).
   It lets you see invisible.
   It makes you less stealthy.
 I - the amulet of Compassion (around neck) {rPois rC- Regen+ MP+9 Int-2}
   (You found it on level 8 of the Dungeon)

   [amulet of regeneration]

   It affects your intelligence (-2).
   It makes you vulnerable to cold.
   It protects you from poison.
   It affects your magic capacity (+9).
   It increases your rate of regeneration.
Wands
 c - a wand of disintegration (16)
   (You found it on level 2 of the Swamp)
 d - a wand of iceblast (18)
   (You found it on level 2 of the Snake Pit)
 t - a wand of flame (83)
   (You took it off a gnoll on level 8 of the Dungeon)
 u - a wand of paralysis (21)
   (You found it in a sewer)
 v - a wand of digging (3)
   (You found it on level 4 of the Dungeon)
 x - a wand of acid (8)
   (You bought it in a shop on level 1 of the Snake Pit)
Scrolls
 l - 12 scrolls of magic mapping
 C - 8 scrolls of teleportation {@r4}
 E - 2 scrolls of immolation {!r}
 K - 15 scrolls of remove curse {@r2}
 O - 11 scrolls of identify {@r1}
 P - a scroll of torment {!r}
 Q - 3 scrolls of fog
 S - 2 scrolls of enchant armour
 U - a scroll of enchant weapon
 V - 3 scrolls of fear
 X - a scroll of silence
Potions
 f - a potion of haste {@q3}
 h - 2 potions of ambrosia
 j - 5 potions of cancellation
 k - 2 potions of magic
 m - 6 potions of lignification {!q}
 n - a potion of resistance
 p - 3 potions of agility
 q - 4 potions of mutation {!q}
 F - 4 potions of flight
 R - 4 potions of brilliance
 T - 10 potions of curing {@q1}
 W - 7 potions of might
 Y - a potion of invisibility


   Skills:
 + Level 17.1 Fighting
 - Level 1.7 Dodging
 - Level 1.7 Stealth
 - Level 15.0 Shields
 * Level 15.5 Spellcasting
 - Level 14.0 Conjurations
 - Level 8.0 Charms
 - Level 6.0 Necromancy
 - Level 3.1 Translocations
 - Level 9.0 Ice Magic
 - Level 8.0 Air Magic


You had 7 spell levels left.
You knew the following spells:

 Your Spells              Type           Power        Failure   Level  Hunger
a - Magic Dart            Conj           ####         0%          1    None
b - Blink                 Tloc           N/A          1%          2    None
c - Freezing Cloud        Conj/Ice/Air   #######...   2%          6    #####..
e - Bolt of Draining      Conj/Necr      #######...   1%          5    ##.....
i - Orb of Destruction    Conj           #######...   2%          7    ######.
q - Deflect Missiles      Chrm/Air       ######....   21%         6    #####..
r - Regeneration          Chrm/Necr      #####.....   1%          3    None
s - Searing Ray           Conj           ######       0%          2    None
x - Iskenderun's Mystic   Conj           #######.     1%          4    None
z - Iskenderun's Battles  Conj/Chrm      #######.     1%          5    ##.....

Your spell library contained the following spells:

 Spells                   Type           Power        Failure   Level  Hunger
 Ozocubu's Refrigeration  Ice            ######....   3%          6    #####..
 Animate Skeleton         Necr           N/A          1%          1    None
 Apportation              Tloc           ####..       1%          1    None
 Flame Tongue             Conj/Fire      #####        1%          1    None
 Freeze                   Ice            ####         1%          1    None
 Infusion                 Chrm           ####         1%          1    None
 Sandblast                Erth           ###...       1%          1    None
 Sting                    Conj/Pois      ####         1%          1    None
 Corpse Rot               Necr           N/A          1%          2    None
 Ensorcelled Hibernation  Hex/Ice        #####.       1%          2    None
 Poisonous Vapours        Pois/Air       ####..       1%          2    None
 Shroud of Golubria       Chrm/Tloc      #####.       1%          2    None
 Song of Slaying          Chrm           ######..     1%          2    None
 Throw Frost              Conj/Ice       ######       1%          2    None
 Conjure Flame            Conj/Fire      ######..     1%          3    None
 Dazzling Spray           Conj/Hex       ######       1%          3    None
 Mephitic Cloud           Conj/Pois/Air  ######..     1%          3    None
 Ozocubu's Armour         Chrm/Ice       ######..     1%          3    None
 Spectral Weapon          Hex/Chrm       ####....     1%          3    None
 Stone Arrow              Conj/Erth      ######       1%          3    None
 Force Lance              Conj/Tloc      ######..     1%          4    None
 Fulminant Prism          Conj/Hex       ######....   1%          4    None
 Throw Icicle             Conj/Ice       #######.     1%          4    None
 Fireball                 Conj/Fire      ######....   1%          5    ##.....
 Venom Bolt               Conj/Pois      ######....   1%          5    ##.....
 Beastly Appendage        Tmut           ###...       3%          1    None
 Confusing Touch          Hex            ###...       3%          1    None
 Corona                   Hex            ###....      3%          1    None
 Summon Small Mammal      Summ           ###.         3%          1    None
 Gell's Gravitas          Tloc           ####......   3%          3    None
 Ignite Poison            Fire/Tmut/Pois ###.....     3%          3    None
 Bolt of Magma            Conj/Fire/Erth ######....   4%          5    ##.....
 Call Imp                 Summ           ###.....     5%          2    None
 Passwall                 Tmut/Erth      ###.....     5%          2    None
 Slow                     Hex            ###.....     5%          2    None
 Sticks to Snakes         Tmut           ###.....     5%          2    None
 Ice Form                 Ice/Tmut       #####...     5%          4    None
 Summon Ice Beast         Ice/Summ       #####...     5%          4    None
 Bolt of Fire             Conj/Fire      ######....   9%          6    #####..
 Iron Shot                Conj/Erth      ######....   9%          6    #####..
 Olgreb's Toxic Radiance  Pois           ###.....     10%         4    None
 Confuse                  Hex            ###.....     11%         3    None
 Spider Form              Tmut/Pois      ###.......   11%         3    None
 Tukima's Dance           Hex            ###.....     11%         3    None
 Metabolic Englaciation   Hex/Ice        #####.....   16%         5    ##.....
 Silence                  Hex/Air        ####......   19%         5    ##.....
 Lee's Rapid Deconstruct  Erth           ###.......   24%         5    ##.....
 Yara's Violent Unravell  Hex/Tmut       ###.......   24%         5    ##.....
 Cause Fear               Hex            ###.......   34%         4    None
 Leda's Liquefaction      Hex/Erth       ###.......   34%         4    None
 Petrify                  Tmut/Erth      ###.....     34%         4    None
 Spellforged Servitor     Conj/Summ      ######....   38%         7    ######.
 Summon Forest            Summ/Tloc      ###.......   45%         5    ##.....
 Blade Hands              Tmut           ###.......   67%         5    ##.....
 Hydra Form               Tmut           ###.......   99%         6    #####..
 Statue Form              Tmut/Erth      ###......    99%         6    #####..
 Ring of Flames           Chrm/Fire      ####......   99%         7    ######.
 Dragon Form              Tmut           ###.......   100%        7    ######.
 Summon Hydra             Summ           ###.......   100%        7    ######.
 Discord                  Hex            ###.......   100%        8    #######
 Ignition                 Fire           ###.......   100%        8    #######
 Dragon's Call            Summ           ###.......   100%        9    #######
 Shatter                  Erth           ###.......   100%        9    #######


Dungeon Overview and Level Annotations

Branches:
Dungeon (15/15)            Temple (1/1) D:4            Lair (6/6) D:9
  Swamp (4/4) Lair:3        Snake (4/4) Lair:3        Slime (0/5) Lair:6
    Orc (2/2) D:9             Elf (0/3) Orc:2        Vaults (1/5) D:13
 Depths (0/5) D:15          Sewer (visited)         Gauntlet (visited)

Altars:
Ashenzari
Cheibriados
Dithmenos
Elyvilon
Fedhas
Gozag
Hepliaklqana
Kikubaaqudgha
Makhleb
Nemelex Xobeh
Okawaru
Qazlal
Ru
Sif Muna
Trog
Uskayaw
Vehumet
Wu Jian
Xom
Yredelemnul
Zin
The Shining One
Beogh

Shops:
D:11 !   Orc:2 ![[(   Snake:1 }(=}}?   Snake:2 [   Snake:4 ?:(?

Annotations:
D:11 2 transporters, 1 runed translucent door, doomedcactus's ghost, journeyman TrMo
Lair:5 3 runed translucent doors, exclusion: 2 oklob plants, Zevvob's ghost, journeyman OpFi


Innate Abilities, Weirdness & Mutations

You can breathe waves of freezing cold.
You can buffet flying creatures when you breathe cold.
Your icy white scales are hard. (AC +10)
You cannot fit into any form of body armour.
Your flesh is cold resistant. (rC+)
You are cold-blooded and may be slowed by cold attacks.


Message History

You feel a surge of power!
The magic dart hits the skeletal warrior but does no damage.
The skeletal warrior misses you.
You block the skeletal warrior's attack.
Aim: a skeletal warrior, wielding a +0 hand axe (almost destroyed)
You feel a surge of power!
The magic dart hits the skeletal warrior but does no damage.
The skeletal warrior hits you with a +0 short sword!
* * * LOW HITPOINT WARNING * * *
You block the skeletal warrior's attack.
Okay, then.
You blink.
You are engulfed in freezing vapours.
You resist.
* * * LOW HITPOINT WARNING * * *
You block the skeletal warrior's attack.
Aim: a skeletal warrior, wielding a +0 hand axe (almost destroyed)
You feel a surge of power!
The magic dart hits the skeletal warrior but does no damage.
Aim: a skeletal warrior, wielding a +0 hand axe (almost destroyed)
You feel a surge of power!
The magic dart hits the skeletal warrior but does no damage.
The skeletal warrior is engulfed in freezing vapours.
The skeletal warrior closely misses you.
Aim: a skeletal warrior, wielding a +0 hand axe (almost destroyed)
You feel a surge of power!
The magic dart hits the skeletal warrior but does no damage.
The skeletal warrior is engulfed in freezing vapours.
The skeletal warrior hits you with a +0 short sword!
* * * LOW HITPOINT WARNING * * *
You blink.
The skeletal warrior is engulfed in freezing vapours.
You blink.
Aim: a skeletal warrior, wielding a +0 short sword (heavily damaged)
You feel a surge of power!
Aim: a skeletal warrior, wielding a +0 short sword (freezing vapour, heavily damaged)
You feel a surge of power!
The magic dart hits the skeletal warrior but does no damage.
The skeletal warrior is engulfed in freezing vapours. x2
Aim: a skeletal warrior, wielding a +0 short sword (freezing vapour, severely damaged)
You feel a surge of power!
The magic dart hits the skeletal warrior but does no damage.
There's already a cloud there.
Okay, then.
Aim: a skeletal warrior, wielding a +0 short sword (severely damaged)
You feel a surge of power!
The magic dart hits the skeletal warrior but does no damage.
Aim: a skeletal warrior, wielding a +0 short sword (severely damaged)
You feel a surge of power!
The magic dart hits the skeletal warrior but does no damage.
You blink.
You are engulfed in freezing vapours.
You resist.
You die...

.. (. #$ #[####
#### #(([## ...
##+###§(####..
......'.z#.#'##
......#.#z§...#
......#(##§@§##
..... ###.§§.+
..... ###+#○#
.... ##..####
.... #.....#
#######


You could see 2 skeletal warriors.

Vanquished Creatures
  the Lernaean hydra (Swamp:4)
  A thorn hunter (Swamp:4)
  18 nagarajas (Snake:4)
  2 vault wardens (Vaults:1)
  A very ugly thing (Swamp:4)
  A minotaur (Gauntlet)
  A fire dragon (Lair:6)
  Harold (D:7)
  17 hydras
  A catoblepas (D:14)
  20 naga warriors
  4 vault guards
  2 ghost crabs (Swamp:4)
  7 centaur warriors
  The ghost of Mietzsche the Grappler, a novice TrBe of Trog (D:8)
  13 alligators
  A shambling mangrove (Swamp:4)
  12 anacondas
  19 two-headed ogres
  A death knight (D:15)
  5 ogre magi
  3 death yaks
  Urug (Lair:4)
  A titan zombie (D:15)
  An orc high priest (Orc:1)
  9 shock serpents
  3 tengu warriors
  13 naga sharpshooters
  Sonja (Lair:1)
  A shadow wraith (Vaults:1)
  2 skeletal warriors
  A spark wasp zombie (D:15)
  4 unseen horrors
  A soul eater (Gauntlet)
  6 salamander mystics
  2 spriggan druids
  11 swamp dragons
  A wizard (D:14)
  Pikel (D:5)
  A lindwurm (D:13)
  8 naga ritualists
  3 phantasmal warriors
  2 wolf spider zombies
  A necromancer (D:15)
  5 mana vipers
  2 manticores
  An oklob plant (D:7)
  9 salamanders
  5 ugly things
  5 cyclopes
  A deep elf mage (D:15)
  2 large abominations (Gauntlet)
  An elephant (Lair:4)
  35 black mambas
  A vault sentinel (Vaults:1)
  A spriggan zombie (D:15)
  11 guardian serpents
  19 naga magi
  A spiny frog (shapeshifter) (D:13)
  12 spiny frogs
  3 gargoyles
  A torpor snail (Lair:3)
  2 kobold demonologists (D:12)
  4 rime drakes (Lair:6)
  An efreet (D:13)
  7 komodo dragons
  A yaktaur (Vaults:1)
  A guardian mummy (D:15)
  A tengu conjurer (D:15)
  A merfolk (D:9)
  5 trolls
  A meliai (D:8)
  13 tyrant leeches
  A hornet (shapeshifter) (D:15)
  The ghost of manon the Slasher, an amateur DsCK of Xom (D:5)
  Grinder (D:6)
  17 hornets
  3 bog bodies
  7 blink frogs
  An ice dragon zombie (D:15)
  27 slime creatures
  3 dream sheep (Lair:3)
  7 hippogriffs
  A centaur simulacrum (D:14)
  11 spriggans
  33 yaks
  3 wraiths
  3 shadows
  3 basilisks
  4 hungry ghosts
  3 small abominations (Gauntlet)
  3 steam dragons (Lair:6)
  10 vampire mosquitoes
  12 insubstantial wisps
  26 swamp worms
  11 water moccasins
  40 nagas
  13 swamp drakes
  12 porcupines
  Duvessa (D:6)
  3 ice beasts
  4 sky beasts
  A necrophage (D:15)
  2 slaves (D:6)
  22 orc warriors
  34 ogres
  5 phantoms
  2 black bears
  A hornet zombie (D:11)
  26 wolves
  17 centaurs
  13 crocodiles
  3 big kobolds (D:12)
  20 bullfrogs
  Dowan (D:6)
  4 scorpions
  A water moccasin skeleton (D:9)
  4 killer bees
  A wight (D:15)
  3 howler monkeys (D:8)
  5 crimson imps
  3 centaur zombies
  2 bullfrog zombies
  8 jellies
  9 hounds
  A quasit (D:10)
  4 human zombies (D:15)
  20 orc priests
  A bullfrog skeleton (D:10)
  5 centaur skeletons
  2 human skeletons (D:15)
  24 orc wizards
  10 iguanas
  14 worker ants
  An ogre zombie (D:15)
  2 hound zombies (D:5)
  3 mummies (D:15)
  2 worker ant zombies
  12 gnolls
  11 adders
  6 shadow imps
  3 oozes
  An adder zombie (D:8)
  An adder skeleton (D:9)
  A worm (D:3)
  A dart slug (D:1)
  9 leopard geckos
  91 orcs
  4 ball pythons
  4 bats
  12 giant cockroaches
  9 goblins
  7 hobgoblins
  7 jackals
  5 quokkas
  11 frilled lizards
  18 kobolds
  2 leopard gecko skeletons
  8 rats
  A fungus (Lair:3)
  A plant (D:7)
1123 creatures vanquished.

Vanquished Creatures (collateral kills)
  A skeletal warrior (D:15)
1 creature vanquished.

Vanquished Creatures (others)
  A hornet (Swamp:4)
  A jelly (D:6)
  An orc wizard (D:6)
  2 bushes (D:9)
  2 demonic plants (Gauntlet)
  10 fungi
  33 plants
  3 withered plants (D:15)
53 creatures vanquished.

Grand Total: 1177 creatures vanquished

Notes
Turn   | Place    | Note
-------+----------+-------------------------------------------
     0 | D:1      | DavidChitty2 the Draconian Conjurer began the quest for the
                  | Orb.
     0 | D:1      | Reached XP level 1. HP: 14/14 MP: 3/3
   455 | D:1      | Reached XP level 2. HP: 22/22 MP: 0/5
   725 | D:1      | Reached skill level 1 in Fighting
  1334 | D:1      | Reached XP level 3. HP: 28/28 MP: 2/6
  1512 | D:1      | Learned a level 2 spell: Searing Ray
  2323 | D:3      | Found a glowing drain.
  2334 | D:3      | Found a bloodstained altar of Trog.
  2343 | D:3      | Reached XP level 4. HP: 35/36 MP: 0/7
  2406 | Sewer    | Entered a sewer
  2428 | Sewer    | Reached skill level 5 in Conjurations
  2599 | Sewer    | Reached skill level 2 in Fighting
  2851 | Sewer    | Learned a level 4 spell: Iskenderun's Mystic Blast
  2910 | Sewer    | Noticed a bullfrog
  2916 | Sewer    | Killed a bullfrog
  2916 | Sewer    | Reached XP level 5. HP: 22/42 MP: 3/9
  4093 | D:3      | Reached skill level 3 in Fighting
  4249 | D:3      | Reached XP level 6. HP: 51/51 MP: 3/10
  4751 | D:3      | Found a bloodstained altar of Trog.
  5361 | D:4      | Found a staircase to the Ecumenical Temple.
  5368 | Temple   | Entered the Ecumenical Temple
  5516 | Temple   | Became a worshipper of Vehumet
  6198 | D:4      | Your scales start taking on an icy white colour.
  6198 | D:4      | Reached XP level 7. HP: 58/58 MP: 1/12
  6198 | D:4      | Gained mutation: Your flesh is cold resistant. (rC+) [White
                  | Draconian growth]
  6381 | D:4      | Reached skill level 4 in Fighting
  6708 | D:5      | Entered Level 5 of the Dungeon
  6812 | D:5      | Found a shimmering altar of Xom.
  6987 | D:5      | Found a runed translucent gate.
  6987 | D:5      | Found a runed translucent gate.
  6987 | D:5      | Found a runed translucent gate.
  7289 | D:5      | Noticed manon's ghost (amateur DsCK)
  8156 | D:6      | Reached XP level 8. HP: 67/67 MP: 7/14
  8269 | D:6      | Reached skill level 5 in Fighting
  8413 | D:6      | Noticed Duvessa
  8446 | D:6      | Killed Duvessa
  8457 | D:6      | Noticed Dowan
  8549 | D:6      | Killed Dowan
  8682 | D:6      | Noticed Pikel
  8723 | D:5      | Killed Pikel
  8723 | D:5      | Reached skill level 5 in Spellcasting
  9290 | D:6      | Found an iron altar of Okawaru.
  9429 | D:6      | Noticed Grinder
  9435 | D:6      | Killed Grinder
  9435 | D:6      | Reached skill level 6 in Fighting
  9781 | D:7      | Reached XP level 9. HP: 65/75 MP: 12/17
  9784 | D:7      | Noticed Harold
  9800 | D:7      | Reached * piety under Vehumet
  9800 | D:7      | Offered knowledge of Freeze by Vehumet.
  9814 | D:7      | Killed Harold
  9814 | D:7      | Reached skill level 10 in Conjurations
 10075 | D:7      | Reached skill level 7 in Fighting
 10286 | D:7      | Found an opulent altar of Gozag.
 10286 | D:7      | Noticed an oklob plant
 10744 | D:7      | Found a blossoming altar of Fedhas.
 11065 | D:7      | Found a glowing golden altar of the Shining One.
 12367 | D:8      | Found a runed translucent gate.
 12367 | D:8      | Found a runed translucent gate.
 12368 | D:8      | Found a runed translucent gate.
 12368 | D:8      | Noticed a meliai
 12369 | D:8      | Noticed Mietzsche's ghost (novice TrBe)
 13142 | D:8      | Reached XP level 10. HP: 78/88 MP: 9/20
 13235 | D:8      | Got a crude bronze amulet
 13236 | D:8      | Identified the amulet of Compassion {rPois rC- Regen+ MP+9
                  | Int-2} (You found it on level 8 of the Dungeon)
 13483 | D:9      | Noticed a two-headed ogre
 13499 | D:9      | Killed a two-headed ogre
 13499 | D:9      | Reached skill level 8 in Fighting
 14432 | D:9      | Reached ** piety under Vehumet
 14432 | D:9      | Offered knowledge of Sandblast by Vehumet.
 14764 | D:9      | Found a roughly hewn altar of Beogh.
 14764 | D:9      | Found a staircase to the Orcish Mines.
 15145 | D:9      | Found a staircase to the Lair.
 15167 | D:9      | Reached skill level 9 in Fighting
 15483 | D:9      | Found a hide-covered altar of Uskayaw.
 15517 | D:9      | Found a hazy altar of Hepliaklqana.
 15857 | D:10     | Entered Level 10 of the Dungeon
 15868 | D:10     | Reached skill level 1 in Shields
 16201 | D:10     | Noticed a two-headed ogre
 16209 | D:10     | Killed a two-headed ogre
 16209 | D:10     | Reached XP level 11. HP: 73/99 MP: 2/23
 16414 | D:10     | Paralysed by a hornet for 2 turns
 16575 | D:10     | Offered knowledge of Inner Flame by Vehumet.
 16728 | D:10     | Killed an unseen horror
 16778 | D:9      | Reached skill level 10 in Fighting
 17605 | D:11     | Noticed a white ugly thing
 17693 | Lair:1   | Entered Level 1 of the Lair of Beasts
 17706 | D:9      | Reached *** piety under Vehumet
 18532 | Lair:1   | Offered knowledge of Airstrike by Vehumet.
 18703 | Lair:1   | Reached skill level 5 in Shields
 19058 | Lair:1   | Noticed Sonja
 19092 | Lair:1   | Killed Sonja
 19092 | Lair:1   | Reached skill level 11 in Fighting
 20033 | Lair:2   | Reached XP level 12. HP: 92/110 MP: 23/25
 20549 | Lair:3   | Noticed a death yak
 20559 | Lair:3   | Noticed a death yak
 20595 | Lair:3   | Noticed a death yak
 20647 | Lair:2   | Killed a death yak
 20647 | Lair:2   | Reached skill level 10 in Spellcasting
 20956 | Lair:2   | HP: 2/110 [tyrant leech (30)]
 21241 | Lair:3   | Found a staircase to the Swamp.
 21302 | Lair:3   | Reached **** piety under Vehumet
 21596 | Lair:3   | Found a staircase to the Snake Pit.
 21780 | Lair:3   | Offered knowledge of Static Discharge by Vehumet.
 22378 | Lair:4   | Reached skill level 12 in Fighting
 22426 | Lair:4   | Noticed a four-headed hydra
 22433 | Lair:4   | Killed a four-headed hydra
 22530 | Lair:4   | Noticed Urug
 22537 | Lair:4   | Killed Urug
 23809 | Lair:4   | Got an iridescent quarterstaff
 23810 | Lair:4   | Identified the +11 quarterstaff of the Five Wars {venom,
                  | rPois Str-2 Int+3 Dex+3} (You found it on level 4 of the
                  | Lair of Beasts)
 25072 | Lair:5   | Found a runed translucent gate.
 25072 | Lair:5   | Found a runed translucent gate.
 25072 | Lair:5   | Found a runed translucent gate.
 25072 | Lair:5   | Noticed Zevvob's ghost (journeyman OpFi)
 25284 | Lair:6   | Entered Level 6 of the Lair of Beasts
 25638 | Lair:6   | Reached XP level 13. HP: 103/119 MP: 22/28
 26110 | Lair:6   | Reached skill level 13 in Fighting
 26628 | Lair:6   | Found a staircase to the Slime Pits.
 27466 | Lair:6   | Noticed a fire dragon
 27485 | Lair:6   | Killed a fire dragon
 27859 | D:11     | Found Nunnunig's Distillery.
 27859 | D:11     | Found a transporter.
 27859 | D:11     | Noticed a frost giant
 27862 | D:11     | Noticed a storm dragon
 28300 | D:11     | Found a runed translucent door.
 28527 | D:11     | Learned a level 2 spell: Blink
 28534 | D:11     | Learned a level 6 spell: Deflect Missiles
 28741 | D:11     | Reached skill level 1 in Translocations
 28751 | D:11     | Reached ***** piety under Vehumet
 28751 | D:11     | Offered knowledge of Venom Bolt by Vehumet.
 28930 | D:11     | Found a transporter.
 29136 | D:11     | Noticed doomedcactus's ghost (journeyman TrMo)
 29261 | D:12     | Reached skill level 1 in Charms
 29261 | D:12     | Reached skill level 1 in Air Magic
 30177 | D:12     | Learned a level 3 spell: Regeneration
 30638 | D:5      | Killed manon's ghost
 31525 | D:8      | Killed Mietzsche's ghost
 31525 | D:8      | Reached skill level 1 in Necromancy
 31925 | D:12     | Reached skill level 10 in Shields
 32179 | D:13     | Found a gate leading to a gauntlet.
 32203 | Gauntlet | Entered a Gauntlet
 32203 | Gauntlet | Found a transporter.
 32203 | Gauntlet | Found a transporter.
 32337 | Gauntlet | Found a transporter.
 32352 | Gauntlet | Found a transporter.
 32366 | Gauntlet | Found a transporter.
 32379 | Gauntlet | Found a transporter.
 32468 | Gauntlet | Found a transporter.
 32483 | Gauntlet | Found a transporter.
 32485 | Gauntlet | Found a large runed translucent door.
 32486 | Gauntlet | Found a large runed translucent door.
 32487 | Gauntlet | Found a large runed translucent door.
 32487 | Gauntlet | Found a large runed translucent door.
 32505 | Gauntlet | Found a transporter.
 32512 | Gauntlet | Found a transporter.
 32514 | Gauntlet | Found a large runed translucent door.
 32515 | Gauntlet | Found a large runed translucent door.
 32531 | Gauntlet | Found a transporter.
 32598 | Gauntlet | Found a transporter.
 32600 | Gauntlet | Found a large runed translucent door.
 32601 | Gauntlet | Found a large runed translucent door.
 32602 | Gauntlet | Found a large runed translucent door.
 32602 | Gauntlet | Found a runed translucent door.
 32602 | Gauntlet | Found a runed translucent door.
 32603 | Gauntlet | Found a large runed translucent door.
 32603 | Gauntlet | Found a large runed translucent door.
 32603 | Gauntlet | Found a large runed translucent door.
 32604 | Gauntlet | Found a large runed translucent door.
 32604 | Gauntlet | Found a large runed translucent door.
 32605 | Gauntlet | Found a large runed translucent door.
 32605 | Gauntlet | Found a large runed translucent door.
 32606 | Gauntlet | Found a runed translucent gate.
 32606 | Gauntlet | Found a runed translucent gate.
 32606 | Gauntlet | Found a runed translucent gate.
 32608 | Gauntlet | Found a transporter.
 32615 | Gauntlet | Found a transporter.
 32636 | Gauntlet | Found a transporter.
 32646 | Gauntlet | Found a transporter.
 32985 | Gauntlet | Got a brightly glowing marble ring
 32986 | Gauntlet | Identified the ring of the Duke {AC+5 Int+3 SInv Stlth-}
                  | (You found it in a Gauntlet)
 33277 | Gauntlet | Noticed a minotaur
 33295 | Gauntlet | Killed a minotaur
 33295 | Gauntlet | Reached XP level 14. HP: 57/130 MP: 16/30
 34136 | D:13     | Offered knowledge of Freezing Cloud by Vehumet.
 34144 | D:13     | Learned a level 6 spell: Freezing Cloud
 34353 | D:13     | Identified the +4 large shield of the Lumpy Nights {rN+}
 34505 | D:13     | Reached skill level 14 in Fighting
 34506 | D:13     | Reached skill level 1 in Ice Magic
 34884 | D:13     | Found a portal to a secret trove of treasure.
 34895 | D:13     | You paid a toll of a +8 demon blade to enter a treasure
                  | trove
 34896 | Trove    | Entered a treasure trove
 34904 | Trove    | Identified Lionlamm's Incunabulum of Battle Magic and
                  | Boosts
 34998 | D:13     | Learned a level 5 spell: Bolt of Draining
 35006 | D:13     | Learned a level 7 spell: Orb of Destruction
 35209 | D:13     | Found a gate to the Vaults.
 37181 | D:14     | Learned a level 5 spell: Iskenderun's Battlesphere
 37193 | D:15     | Entered Level 15 of the Dungeon
 37492 | D:15     | Reached skill level 5 in Air Magic
 37913 | D:15     | Found a staircase to the Depths.
 38135 | D:15     | Reached skill level 5 in Charms
 38764 | D:15     | Reached skill level 5 in Necromancy
 38764 | D:15     | Reached skill level 5 in Ice Magic
 39037 | D:15     | Reached XP level 15. HP: 138/138 MP: 31/31
 39522 | D:15     | Found an ancient bone altar of Kikubaaqudgha.
 39966 | Orc:1    | Entered Level 1 of the Orcish Mines
 40620 | Orc:1    | Offered knowledge of Conjure Ball Lightning by Vehumet.
 40952 | Orc:2    | Entered Level 2 of the Orcish Mines
 41205 | Orc:2    | Found a staircase to the Elven Halls.
 42474 | Orc:2    | Offered knowledge of Bolt of Cold by Vehumet.
 42580 | Orc:2    | Found Tailour's Antique Armour Shop.
 42580 | Orc:2    | Found Zoov's Weapon Shoppe.
 42580 | Orc:2    | Found Soyho's Distillery.
 42580 | Orc:2    | Found Pali's Armour Shop.
 42631 | Orc:2    | Bought a potion of heal wounds for 60 gold pieces
 42631 | Orc:2    | Bought a potion of magic for 96 gold pieces
 42825 | Orc:2    | Bought a +0 cloak for 67 gold pieces
 43093 | Snake:1  | Entered Level 1 of the Snake Pit
 43093 | Snake:1  | Found Kinu's Weapon Boutique.
 43473 | Snake:1  | Found Eclic's Gadget Boutique.
 43544 | Snake:1  | Bought a wand of acid (8) for 384 gold pieces
 43859 | Snake:1  | Found Donaitiem's Magic Scroll Emporium.
 43864 | Snake:1  | Bought a scroll of blinking for 112 gold pieces
 44082 | Snake:1  | Found Cinug's Jewellery Shop.
 44082 | Snake:1  | Found Zesseles's Gadget Emporium.
 44083 | Snake:1  | Found Wevvegos's Gadget Emporium.
 44104 | Snake:1  | Bought an uncursed ring of protection from fire for 475
                  | gold pieces
 44790 | Snake:2  | Reached XP level 16. HP: 139/146 MP: 18/32
 44893 | Snake:2  | Found Teorheod's Armour Shoppe.
 44944 | Snake:2  | Identified the +1 robe of Trog's Esteem {-Cast Str-5 Dex+8
                  | Slay+3}
 46184 | Snake:2  | Offered knowledge of Ozocubu's Refrigeration by Vehumet.
 46223 | Snake:2  | Found Teorheod's Armour Shoppe.
 46685 | Snake:2  | Found Teorheod's Armour Shoppe.
 47562 | Snake:2  | Found Teorheod's Armour Shoppe.
 47791 | Snake:2  | Found Teorheod's Armour Shoppe.
 50650 | Snake:4  | Entered Level 4 of the Snake Pit
 52389 | Snake:4  | Got a smoking lapis lazuli ring
 52390 | Snake:4  | Identified the ring of the Leaf {Fire Str+4 Int+7} (You
                  | found it on level 4 of the Snake Pit)
 52788 | Snake:4  | Found Diph's Magic Scroll Shop.
 52788 | Snake:4  | Found Pudop's Magic Scroll Boutique.
 52789 | Snake:4  | Found Vaps's Weapon Shop.
 52791 | Snake:4  | Found Piseg's Book Boutique.
 52802 | Snake:4  | Bought a scroll of acquirement for 1092 gold pieces
 52952 | Snake:4  | Reached XP level 17. HP: 136/154 MP: 32/33
 53735 | Snake:4  | Offered knowledge of Poison Arrow by Vehumet.
 53895 | Snake:4  | HP: 1/154 [nagaraja/poison arrow (17)]
 53898 | Snake:4  | Reached skill level 15 in Fighting
 53922 | Snake:4  | HP: 6/156 [nagaraja/poison arrow (17)]
 54889 | Snake:4  | Reached skill level 15 in Shields
 55248 | Snake:4  | Got a serpentine rune of Zot
 55571 | Lair:3   | Learned a level 6 spell: Deflect Missiles
 55594 | Swamp:1  | Entered Level 1 of the Swamp
 57149 | Swamp:1  | Offered knowledge of Ozocubu's Refrigeration by Vehumet.
 57154 | Swamp:1  | Reached skill level 16 in Fighting
 59063 | Swamp:3  | Reached XP level 18. HP: 166/166 MP: 36/36
 59969 | Swamp:3  | Identified the +6 halberd "Dojyq" {protect, Dex+4} (You
                  | found it on level 3 of the Swamp)
 60024 | Swamp:3  | Got a fine hand axe
 60025 | Swamp:3  | Identified the +6 hand axe "Tatwiez" {chop, +Rage +Fly
                  | Str+4} (You found it on level 3 of the Swamp)
 60338 | Swamp:4  | Entered Level 4 of the Swamp
 60669 | Swamp:4  | Got a translucent quarterstaff
 61390 | Swamp:4  | Paralysed by a hornet for 2 turns
 62178 | Swamp:4  | Noticed the 27-headed Lernaean hydra
 62193 | Swamp:4  | Killed the 27-headed Lernaean hydra
 62193 | Swamp:4  | Reached skill level 15 in Spellcasting
 62687 | Swamp:4  | Got a decaying rune of Zot
 63254 | Vaults:1 | Entered Level 1 of the Vaults
 63300 | Vaults:1 | Reached skill level 17 in Fighting
 63524 | Vaults:1 | HP: 1/169 [skeletal warrior/+0 short sword (12)]
 63532 | Vaults:1 | Engulfed by a cloud of freezing vapour

Levels and vault maps discovered:
D:1:      dpeg_arrival_rooms_with_view, layout_loops_ring, serial_park_tiny_1,
          minmay_pentomino_z2
D:2:      layout_rooms, hex_tiny
D:3:      layout_loops_corners, overflow_temple_1_default, gup_sewer_entry_glass
D:4:      layout_gridville, minmay_temple_entry_statues_fountains, first_ration
D:5:      layout_loops_cross, kennysheep_mini_moat, gammafunk_ghost_necromancy
D:6:      layout_basic, okawaru_trees_2, uniq_duvessa, uniq_pikel, uniq_grinder
D:7:      corexii_shack_village, layout_loops_ring, old_standard_altar,
          kennysheep_mini, lemuel_oklob_altar, uniq_harold
D:8:      layout_basic, gammafunk_ghost_split
D:9:      layout_roguey, eat_drink_and_be_merry_uskayaw, lemuel_doored_altar,
          minmay_lair_entry_grove, david_orc_5, hangedman_fish_farm,
          st_stairs_12
D:10:     layout_cave_pools
D:11:     gammafunk_sealed_arena, layout_rooms, ebering_ghost_reflecting_pool,
          serial_shops, shop
D:12:     layout_rooms, serial_bayou_pond_e
D:13:     layout_roguey, david_vaults_4, enter_trove_5, gauntlet_entry_generic
D:14:     layout_loops_ring, serial_park_gazebo [serial_park_minivault_5x5_6],
          grunt_decor_mini_mirrors, minivault_10, drop_trap,
          minmay_fractal_squares_gapless_5
D:15:     gammafunk_depths_entry_grave, layout_irregular_city,
          hangedman_abyss_or_decor_clamps, lemuel_mausoleum_altar_kikubaaqudgha
Temple:   regret_index_temple_sphere_string
Lair:1:   layout_small_grid, lemuel_fruit_tree, uniq_sonja
Lair:2:   layout_gridlike
Lair:3:   layout_small_grid, minmay_swamp_entry_worms,
          minmay_snake_entry_guardpost_small
Lair:4:   layout_roguey, grunt_megastairs_2, uniq_urug
Lair:5:   layout_gridlike, gammafunk_ghost_necromancy,
          minmay_lair_oklob_chamber, lemuel_fruit_fields
Lair:6:   guppyfry_lair_end_dragon, layout_regular_city,
          nicolae_slime_entry_slimehenge
Swamp:1:  layout_falls_marsh, evilmike_swamp_ruin_house_1,
          infiniplex_staircase_pool
Swamp:2:  layout_basic_swamp, evilmike_swamp_ruin_wall,
          infiniplex_staircase_pool_2
Swamp:3:  layout_basic_swamp, nicolae_swamp_dense_foliage
Swamp:4:  swamp_old_school, layout_basic_swamp
Snake:1:  layout_rooms, serial_shops, shop, shop, shop, minmay_shop_grove
Snake:2:  layout_rooms, serial_shops, shop
Snake:3:  onia_ninara_swampy_vault, layout_rooms, evilmike_ambush
          [evilmike_ambush_outer_basic, evilmike_ambush_inner_basic],
          serial_bayou_shore_b
Snake:4:  snake_hunt, layout_cave_town, grunt_megastairs_3, minmay_shoptagon,
          serial_bayou_shore_b
Orc:1:    layout_diamond_mine, rock_pile
Orc:2:    st_orc_ogre_mass, layout_caves
Vaults:1: vaults_room_grunt_arrival_checkpoint, ontoclasm_vaults_shuriken,
          nicolae_vaults_yaktaur_gun_rack, nicolae_vaults_theta, v_misc_2,
          v_misc_19, ontoclasm_vaults_ligature, vaults_room_hallway, v_misc_22,
          ontoclasm_vaults_chip, v_pattern_2, vaults_mumra_bighexcomb,
          vaults_room_grunt_arrival_ludios, ontoclasm_vaults_pinch,
          layout_vaults_maze_bifur

Skill      XL: |  1  2  3  4  5  6  7  8  9 10 11 12 13 14 15 16 17 18 |
---------------+-------------------------------------------------------+-----
Fighting       | 1 2 3 4 6 7 9 11 12 13 14 16 17 | 17.1
Conjurations   | 5 6 7 9 10 12 13 14 | 14.0
Spellcasting   | 3 4 5 6 8 9 11 12 14 15 | 15.5
Shields        | 2 6 8 10 11 12 13 15 | 15.0
Translocations | 3 |  3.1
Charms         | 2 5 7 8 |  8.0
Air Magic      | 3 5 7 8 |  8.0
Necromancy     | 2 5 6 |  6.0
Ice Magic      | 5 7 9 |  9.0
Dodging        | |  1.7
Stealth        | |  1.7

Action                   |  1- 3 |  4- 6 |  7- 9 | 10-12 | 13-15 | 16-18 || total
-------------------------+-------+-------+-------+-------+-------+-------++-------
Melee: Unarmed           |     5 |       |       |       |       |       ||     5
       Dagger            |    23 |       |       |       |       |       ||    23
       Tailslap          |     1 |       |     3 |       |     1 |     2 ||     7
       Rapier            |       |       |    11 |       |     6 |    10 ||    27
 Fire: Hunting sling     |    12 |    50 |    13 |     5 |    27 |     1 ||   108
Throw: Stone             |       |       |       |       |       |     1 ||     1
 Cast: Magic Dart        |    98 |   157 |   279 |   624 |  1158 |  1061 ||  3377
       Searing Ray       |       |     2 |    27 |    63 |    23 |       ||   115
       Iskenderun's Myst |       |     2 |     6 |   167 |   399 |     4 ||   578
       Blink             |       |       |       |       |     6 |    26 ||    32
       Iskenderun's Batt |       |       |       |       |    78 |   128 ||   206
       Bolt of Draining  |       |       |       |       |    53 |   347 ||   400
       Regeneration      |       |       |       |       |     1 |     2 ||     3
       Freezing Cloud    |       |       |       |       |       |    39 ||    39
       Deflect Missiles  |       |       |       |       |       |     2 ||     2
 Abil: Breathe Frost     |       |       |     6 |     8 |     7 |     1 ||    22
Evoke: Wand              |       |       |     1 |     6 |    11 |     3 ||    21
       Phantom mirror    |       |       |       |       |       |     1 ||     1
  Use: Scroll            |       |    11 |    11 |     7 |     6 |    12 ||    47
       Potion            |       |     1 |       |     1 |    11 |     4 ||    17
 Stab: Confused          |       |       |     2 |       |       |       ||     2
       Paralysed         |       |       |       |       |     6 |       ||     6
  Eat: Chunk             |     6 |     5 |    14 |    32 |    39 |    52 ||   148
       Ration            |       |     2 |     3 |     7 |    16 |    22 ||    50
Armor: Skin              |    15 |    24 |    39 |   127 |   279 |   343 ||   827
Dodge: Dodged            |    43 |    53 |   117 |   281 |   336 |   351 ||  1181
       Deflected         |       |       |       |       |       |    23 ||    23
Block: Shield            |       |       |       |   145 |   489 |   525 ||  1159
